 Dungeon Crawl Stone Soup version 0.25-a0-796-gd415a3ffb0 (webtiles) character file.

Game seed: 8236245849241191990, levelgen mode: deterministic

119735 mortelune the Protected (level 17, -8/137 HPs)
             Began as a Formicid Arcane Marksman on Apr 18, 2020.
             Was the Champion of Dithmenos.
             Mangled by an Executioner (9 damage)
             ... summoned by Asterion
             ... on level 1 of the Snake Pit on Apr 19, 2020.
             The game lasted 01:46:12 (38186 turns).

mortelune the Protected (Formicid Arcane Marksman) Turns: 38186, Time: 01:46:12

Health: -8/137     AC: 29    Str: 26    XL:     17   Next: 35%
Magic:  24/24      EV: 14    Int: 14    God:    Dithmenos [******]
Gold:   1352       SH: 20    Dex: 15    Spells: 12/18 levels left

rFire    x . .     SeeInvis +   b - +5 lajatang
rCold    + + .     Gourm    .   z - +2 kite shield
rNeg     . . .     Faith    .   Y - +0 ice dragon scales
rPois    .         Spirit   .   (helmet unavailable)
rElec    .         Reflect  +   p - +0 cloak of Osunirr {Str+6}
rCorr    .         Harm     .   r - +2 pair of gloves {Dex+3}
MR       +....                  y - +0 pair of boots
Stlth    +++++.....             n - +6 amulet of reflection
HPRegen  0.32/turn              J - +3 ring of protection
MPRegen  0.19/turn              g - +5 ring of protection

@: wreathed by umbra
A: permanent stasis, dig shafts and tunnels, four strong arms, antennae 3
a: Dig, Shaft Self, Shadow Step, Shadow Form, Renounce Religion


You were on level 1 of the Snake Pit.
You worshipped Dithmenos.
Dithmenos was exalted by your worship.
You were hungry.

You visited 5 branches of the dungeon, and saw 25 of its levels.
You also visited: Ice Cave.

You collected 2806 gold pieces.
You spent 1454 gold pieces at shops.

Inventory:

Hand Weapons
 a - the +2 arbalest "Demonslayer" {elec, *Slow Int-2 Dex+10 SInv}
   (You acquired it on level 9 of the Dungeon)

   It charges the ammunition it shoots with electricity; occasionally upon a
   hit, such missiles may discharge and cause terrible harm.
   It affects your intelligence (-2).
   It affects your dexterity (+10).
   It lets you see invisible.
   It may slow you when you take damage.
 b - a +5 lajatang (weapon)
Missiles
 d - 137 bolts
 H - 3 silver javelins (quivered)
Armour
 p - the +0 cloak of Osunirr (worn) {Str+6}
   (You found it on level 6 of the Lair of Beasts)

   It affects your strength (+6).
 r - a +2 pair of gloves of dexterity (worn)
 y - a +0 pair of boots (worn)
 z - a +2 kite shield (worn)
 Y - +0 ice dragon scales (worn)
Jewellery
 g - a +5 ring of protection (right hand)
 k - an uncursed ring of positive energy
 n - a +6 amulet of reflection (around neck)
 B - an uncursed ring of flight
 G - an uncursed ring of protection from cold
 J - a +3 ring of protection (left hand)
 W - an uncursed ring of protection from cold
 Z - an uncursed ring of protection from magic
Wands
 e - a wand of polymorph (5)
 q - a wand of paralysis (10)
 u - a wand of acid (12)
 w - a wand of disintegration (25)
 D - a wand of clouds (9)
 Q - a wand of flame (12)
 T - a wand of iceblast (21)
 V - a wand of random effects (8)
Scrolls
 h - 2 scrolls of identify
 l - 3 scrolls of fear
 v - 10 scrolls of remove curse
 A - a scroll of summoning
 L - a scroll of torment
 N - 8 scrolls of enchant armour
 O - 2 scrolls of amnesia
 R - a scroll of fog
Potions
 c - 2 potions of resistance
 i - a potion of cancellation
 j - 5 potions of stabbing
 s - 3 potions of might
 x - a potion of flight
 C - 4 potions of brilliance
 I - 2 potions of lignification
 X - a potion of mutation
Miscellaneous
 m - a phial of floods
 F - 2 tins of tremorstones
 K - a lightning rod (4/4)
 S - 2 boxes of beasts
Comestibles
 f - 34 rations


   Skills:
 + Level 13.3 Fighting
   Level 7.8(11.3) Maces & Flails
 + Level 12.8(13.5) Staves
 - Level 8.6 Crossbows
 - Level 13.6 Armour
 - Level 7.2 Dodging
 - Level 9.6 Stealth
 + Level 7.7 Shields
 - Level 1.1 Spellcasting
 - Level 3.6 Hexes
 - Level 8.1 Translocations
 + Level 9.8 Invocations


You had 12 spell levels left.
You knew the following spells:

 Your Spells              Type           Power        Failure   Level  Hunger
a - Corona                Hex            ##.....      17%         1    ##.....
b - Portal Projectile     Hex/Tloc       ###...       19%         3    ####...
c - Slow                  Hex            ##......     26%         2    ###....

Your spell library contained the following spells:

 Spells                   Type           Power        Failure   Level  Hunger
 Apportation              Tloc           ###...       2%          1    ##.....
 Lesser Beckoning         Tloc           ###.......   8%          3    ####...
 Animate Skeleton         Necr           N/A          58%         1    ##.....
 Summon Small Mammal      Summ           #...         58%         1    ##.....
 Inner Flame              Hex/Fire       #.......     71%         3    ####...
 Poisonous Vapours        Pois/Air       #.....       73%         2    ###....
 Cause Fear               Hex            ##........   86%         4    #####..
 Leda's Liquefaction      Hex/Erth       #.........   98%         4    #####..
 Ice Form                 Ice/Tmut       #.......     100%        4    #####..
 Lightning Bolt           Conj/Air       #.........   100%        5    ######.
 Metabolic Englaciation   Hex/Ice        #.........   100%        5    ######.
 Freezing Cloud           Conj/Ice/Air   #.........   100%        6    #######
 Ozocubu's Refrigeration  Ice            #.........   100%        6    #######
 Simulacrum               Ice/Necr       #.........   100%        6    #######
 Malign Gateway           Summ/Tloc      ##........   100%        7    #######


Dungeon Overview and Level Annotations

Branches:
Dungeon (15/15)            Temple (1/1) D:7            Lair (6/6) D:11
 Shoals (0/4) Lair:4        Snake (1/4) Lair:3        Slime (0/5) Lair:5
    Orc (2/2) D:10            Elf (0/3) Orc:2        Vaults (0/5) D:13
 Depths (0/5) D:15          IceCv (visited)

Altars:
Ashenzari
Cheibriados
Dithmenos
Elyvilon
Fedhas
Gozag
Hepliaklqana
Kikubaaqudgha
Makhleb
Nemelex Xobeh
Okawaru
Qazlal
Ru
Sif Muna
Trog
Uskayaw
Vehumet
Wu Jian
Xom
Yredelemnul
Zin
The Shining One
Beogh

Shops:
D:7 (   D:14 (   Orc:2 ?*=}

Annotations:
D:3 Sigmund
D:11 exclusion: oklob plant
Lair:4 1 runed translucent door, Voda's ghost, journeyman OpAs
Lair:6 3 runed translucent doors, Usuyrph's ghost, journeyman CeBe
Snake:1 Asterion


Innate Abilities, Weirdness & Mutations

You cannot be hasted, slowed, berserked, paralysed or teleported.
You can dig through walls and to a lower floor.
Your four strong arms can wield two-handed weapons with a shield.
You have a pair of large antennae on your head. (SInv)


Message History

You miss the Executioner.
The Executioner is severely wounded.
Your shadow hits the Executioner but does no damage.
You block the Executioner's attack.
The Executioner hits you but does no damage.
You block the Executioner's attack. x2; The Executioner barely misses you.
The Executioner hits you but does no damage.
The Executioner hits you!
* * * LOW HITPOINT WARNING * * *
The Executioner completely misses you.
The Executioner hits you but does no damage.
Okay, then.
As you read the scroll of fear, it crumbles to dust.
You assume a fearsome visage.
The Executioner is unaffected.
Asterion looks frightened!
You block the Executioner's attack.
The Executioner hits you but does no damage.
You block the Executioner's attack. x2
The Executioner hits you but does no damage.
You block the Executioner's attack. The Executioner hits you!
You die...

###########.## ####..##
###............### ##.....#.
....#.)##........########....###.
#####.....######...........##..#.
#..##..# #).#..........###....
#..###.# #..'........####....<
#.## #.# #|.#..>.....# #..... ###
#.######........# #.....
#..§.§§1@......## #......
#...§§§§.......# #...... #####
##.§§.H.§......# #......
....#####...§........### #.......
......##.#####...##### #.......
......#.## #....# .......
.......## ..#..# #...... .......#
##.##..## ...... .......#
##........ .....


You could see Asterion (fleeing) and an Executioner.

Vanquished Creatures
  Rupert (D:12)
  Kirke (D:12)
  A frost giant (IceCv)
  A caustic shrike zombie (D:15)
  Louise (D:14)
  Josephine (D:15)
  2 ice dragons (Lair:6)
  9 hydras
  4 vault guards
  3 centaur warriors
  11 two-headed ogres
  2 ogre magi (D:14)
  20 death yaks
  A tengu warrior (D:13)
  3 orc high priests (Orc:2)
  3 naga sharpshooters (Snake:1)
  Nergalle (Lair:2)
  7 skeletal warriors
  4 unseen horrors
  5 orc knights (Orc:2)
  A flayed ghost (D:10)
  2 lindwurms (Lair:6)
  A necromancer (D:15)
  A phantasmal warrior (D:14)
  A wolf spider zombie (D:12)
  4 deep elf magi
  6 orc sorcerers
  6 cyclopes
  5 ugly things
  A salamander (Snake:1)
  A frost giant zombie (D:15)
  2 manticores
  2 guardian serpents (Snake:1)
  2 ice statues
  A naga mage (Snake:1)
  11 elephants (Lair:6)
  5 black mambas
  3 centaur zombies
  5 torpor snails (Lair:6)
  A gargoyle (D:14)
  13 spiny frogs
  A kobold demonologist (D:13)
  6 komodo dragons
  A rime drake (Lair:5)
  3 yaktaurs
  2 ice devils (D:13)
  An efreet (D:14)
  4 trolls
  3 tyrant leeches (Lair:6)
  9 hornets
  21 polar bears
  5 blink frogs (Lair:3)
  10 slime creatures
  A spriggan zombie (D:15)
  A fire dragon zombie (D:15)
  9 hippogriffs
  A vampire (D:15)
  A shadow (D:12)
  16 wraiths
  49 yaks
  4 hogs
  5 basilisks
  A human (D:7)
  5 hungry ghosts
  Grum (D:10)
  15 fire bats (D:10)
  7 vampire mosquitoes
  9 nagas
  A soldier ant (D:14)
  3 acid dragons
  3 wargs (D:11)
  9 water moccasins
  4 porcupines
  3 sky beasts
  23 orc warriors
  5 ice beasts
  2 black bears
  2 eyes of draining
  11 ogres
  A hornet zombie (D:7)
  15 centaurs
  6 phantoms
  22 wolves
  11 crocodiles
  6 big kobolds
  13 bullfrogs
  5 scorpions
  A wyvern skeleton (D:14)
  8 killer bees
  14 wights
  3 howler monkeys
  12 crimson imps
  3 bullfrog zombies
  7 jellies
  A quasit (D:10)
  22 orc priests
  7 hounds
  2 bullfrog skeletons
  36 orc wizards
  2 centaur skeletons
  3 iguanas
  Terence (D:3)
  8 worker ants
  2 hound zombies
  3 hound skeletons
  8 adders
  5 shadow imps
  3 white imps (Lair:6)
  6 oozes
  A worm (D:3)
  2 dart slugs (D:1)
  4 leopard geckos
  105 orcs
  A ball python (D:2)
  4 giant cockroaches
  9 goblins
  7 hobgoblins
  9 jackals
  7 quokkas
  66 bats
  4 frilled lizards
  22 kobolds
  4 rats
893 creatures vanquished.

Vanquished Creatures (others)
  A hydra (Lair:5)
  A yaktaur (D:15)
  A polar bear (IceCv)
  A slime creature (D:15)
  A human (D:12)
  An orc warrior (D:15)
  5 wolves (IceCv)
  7 fungi
  18 plants
  A withered plant (D:15)
37 creatures vanquished.

Grand Total: 930 creatures vanquished

Notes
Turn   | Place    | Note
-------+----------+-------------------------------------------
     0 | D:1      | mortelune the Formicid Arcane Marksman began the quest for
                  | the Orb.
     0 | D:1      | Reached XP level 1. HP: 15/15 MP: 2/2
   411 | D:1      | Reached XP level 2. HP: 21/21 MP: 3/3
   718 | D:1      | Reached XP level 3. HP: 27/27 MP: 4/4
  1294 | D:2      | Found a shadowy altar of Dithmenos.
  1352 | D:2      | Reached XP level 4. HP: 33/33 MP: 5/5
  1435 | D:2      | Found a hazy altar of Hepliaklqana.
  2205 | D:2      | Became a worshipper of Dithmenos the Shadowed
  2257 | D:3      | Reached skill level 1 in Shields
  2320 | D:3      | Noticed Terence
  2358 | D:3      | Killed Terence
  2358 | D:3      | Reached XP level 5. HP: 39/39 MP: 6/6
  2506 | D:3      | Reached skill level 1 in Maces & Flails
  2750 | D:3      | Found a shimmering blue altar of Sif Muna.
  2824 | D:3      | Noticed Sigmund
  3105 | D:4      | Reached XP level 6. HP: 43/46 MP: 7/7
  3116 | D:4      | Reached * piety under Dithmenos
  3786 | D:5      | Entered Level 5 of the Dungeon
  3790 | D:5      | Noticed a phantom
  3796 | D:5      | Killed a phantom
  3796 | D:5      | Reached XP level 7. HP: 52/52 MP: 8/8
  4019 | D:5      | Found a shattered altar of Ashenzari.
  4145 | D:5      | Found a glowing golden altar of the Shining One.
  4421 | D:5      | Reached skill level 5 in Crossbows
  4421 | D:5      | Reached XP level 8. HP: 43/58 MP: 9/9
  5474 | D:6      | Reached skill level 5 in Maces & Flails
  5474 | D:6      | Reached skill level 1 in Armour
  5720 | D:6      | Found an opulent altar of Gozag.
  6040 | D:6      | Reached XP level 9. HP: 59/66 MP: 10/10
  6651 | D:5      | Reached ** piety under Dithmenos
  6918 | D:7      | Noticed a troll
  6934 | D:7      | Found an ornate altar of the Wu Jian Council.
  6934 | D:7      | Noticed a hippogriff
  6949 | D:6      | Killed a hippogriff
  6949 | D:6      | Reached skill level 5 in Fighting
  7261 | D:6      | Killed a troll
  7688 | D:7      | Found Quiqoogo's Weapon Shop.
  7815 | D:7      | Bought a +0 arbalest for 45 gold pieces
  7867 | D:6      | Reached XP level 10. HP: 68/74 MP: 11/11
  8031 | D:6      | Learned a level 3 spell: Portal Projectile
  8034 | D:6      | Learned a level 2 spell: Slow
  8125 | D:6      | Reached skill level 5 in Armour
  8173 | D:5      | You fall into a shaft and drop 2 floors!
  8594 | D:7      | Found a staircase to the Ecumenical Temple.
  8604 | Temple   | Entered the Ecumenical Temple
  9232 | D:7      | Found a blossoming altar of Fedhas.
  9393 | D:8      | Found a sparkling altar of Nemelex Xobeh.
  9611 | D:8      | Found a burning altar of Makhleb.
  9780 | D:8      | Reached *** piety under Dithmenos
 10835 | D:9      | Reached skill level 1 in Staves
 10835 | D:9      | Reached skill level 1 in Translocations
 11053 | D:9      | Noticed a manticore
 11064 | D:9      | Killed a manticore
 11110 | D:8      | Reached XP level 11. HP: 48/83 MP: 12/12
 11482 | D:9      | Found a bloodstained altar of Trog.
 11503 | D:9      | Found a sacrificial altar of Ru.
 11785 | D:9      | Identified a scroll of acquirement
 11785 | D:9      | Identified the ring "Neirir" {rPois MR+} (You acquired it
                  | on level 9 of the Dungeon)
 11785 | D:9      | Identified the +2 arbalest "Demonslayer" {elec, *Slow Int-2
                  | Dex+10 SInv} (You acquired it on level 9 of the Dungeon)
 11810 | D:10     | Entered Level 10 of the Dungeon
 11870 | D:10     | Reached **** piety under Dithmenos
 12051 | D:10     | Found a staircase to the Orcish Mines.
 12721 | D:10     | You fall into a shaft and drop 1 floor!
 12827 | D:11     | Noticed an eight-headed hydra
 12834 | D:11     | Killed an eight-headed hydra
 12862 | D:11     | Reached ***** piety under Dithmenos
 12870 | D:11     | Noticed a six-headed hydra
 12879 | D:11     | Killed a six-headed hydra
 12922 | D:11     | Found a staircase to the Lair.
 13346 | D:11     | Found a blossoming altar of Fedhas.
 13368 | D:11     | Noticed an oklob plant
 13434 | D:11     | Reached skill level 5 in Staves
 13683 | D:10     | Noticed an unseen horror
 13685 | D:10     | Killed an unseen horror
 13753 | D:10     | You fall into a shaft and drop 1 floor!
 14324 | D:10     | Found a hide-covered altar of Uskayaw.
 14417 | D:10     | Found a runed translucent door.
 14429 | D:10     | Reached XP level 12. HP: 92/92 MP: 13/13
 14540 | D:10     | Found a basalt altar of Yredelemnul.
 14541 | D:10     | Reached skill level 5 in Translocations
 14593 | D:10     | Found an ancient bone altar of Kikubaaqudgha.
 14593 | D:10     | Noticed Grum
 14603 | D:10     | Killed Grum
 14619 | D:10     | Found a burning altar of Makhleb.
 14640 | D:10     | Noticed a flayed ghost
 14839 | D:10     | Found a snail-covered altar of Cheibriados.
 15061 | D:10     | Found a basalt altar of Yredelemnul.
 15071 | D:10     | Reached ****** piety under Dithmenos
 15234 | D:10     | Noticed a two-headed ogre
 15238 | D:10     | Killed a two-headed ogre
 15328 | D:10     | Noticed a two-headed ogre
 15331 | D:10     | Killed a two-headed ogre
 15609 | D:10     | Killed a flayed ghost
 15609 | D:10     | Reached skill level 10 in Armour
 15690 | Lair:1   | Entered Level 1 of the Lair of Beasts
 15695 | Lair:1   | Noticed a four-headed hydra
 15741 | D:11     | Killed a four-headed hydra
 16346 | Lair:1   | Noticed a seven-headed hydra
 16351 | Lair:1   | Killed a seven-headed hydra
 16423 | Lair:1   | You fall into a shaft and drop 1 floor!
 16436 | Lair:2   | Noticed Nergalle
 16448 | Lair:2   | Reached XP level 13. HP: 86/100 MP: 14/14
 16461 | Lair:2   | Killed Nergalle
 17293 | Lair:1   | Noticed a four-headed hydra
 17299 | Lair:1   | Killed a four-headed hydra
 17989 | Lair:3   | HP: 4/101 [naga/+0 scimitar (8)]
 19004 | Lair:3   | Found a staircase to the Snake Pit.
 19457 | Lair:4   | Found a runed translucent door.
 19458 | Lair:4   | Noticed Voda's ghost (journeyman OpAs)
 19462 | Lair:4   | Identified the +6 trident "Siverghan" {freeze, MR+ Str+4}
 19470 | Lair:4   | Reached skill level 1 in Stealth
 19526 | Lair:3   | Reached skill level 1 in Invocations
 20472 | Lair:4   | Found a staircase to the Shoals.
 21096 | Lair:5   | Reached XP level 14. HP: 109/109 MP: 15/15
 21392 | Lair:5   | Reached skill level 10 in Fighting
 21398 | Lair:5   | Reached skill level 5 in Stealth
 21768 | Lair:5   | Found a staircase to the Slime Pits.
 22152 | Lair:6   | Entered Level 6 of the Lair of Beasts
 22214 | Lair:6   | Reached skill level 10 in Staves
 22870 | Lair:6   | Found a runed translucent gate.
 22871 | Lair:6   | Found a runed translucent gate.
 22872 | Lair:6   | Found a runed translucent gate.
 24265 | Lair:6   | Reached XP level 15. HP: 103/117 MP: 18/18
 24284 | Lair:6   | Found a runed translucent door.
 24325 | Lair:6   | Reached skill level 5 in Invocations
 25177 | Lair:6   | Noticed Usuyrph's ghost (journeyman CeBe)
 25515 | D:12     | Noticed Rupert
 25515 | D:12     | Noticed Kirke
 25521 | D:12     | Killed Kirke
 25545 | D:12     | Killed Rupert
 26552 | D:13     | Found a burning altar of Makhleb.
 26683 | D:13     | Found a gate to the Vaults.
 26820 | D:13     | Found a frozen archway.
 26837 | IceCv    | Entered an ice cave
 27694 | IceCv    | Reached skill level 5 in Dodging
 27881 | IceCv    | Noticed a frost giant
 27921 | IceCv    | Killed a frost giant
 27921 | IceCv    | Reached XP level 16. HP: 112/127 MP: 20/20
 28849 | D:14     | Noticed Louise
 30194 | D:14     | Killed Louise
 30721 | D:14     | Identified Sif Muna's Guide on Aerial Orientation
 30770 | D:14     | Found Icumn's Weapon Shop.
 31155 | Orc:1    | Entered Level 1 of the Orcish Mines
 31249 | Orc:2    | Entered Level 2 of the Orcish Mines
 31440 | Orc:2    | Found a staircase to the Elven Halls.
 31622 | Orc:2    | Found a roughly hewn altar of Beogh.
 32032 | Orc:1    | Found a bloodstained altar of Trog.
 32411 | Orc:2    | Found Wodetzugi's Magic Scroll Emporium.
 32539 | Orc:2    | Reached skill level 5 in Shields
 32926 | Orc:2    | Found Bemepsix's Assorted Antiques.
 32996 | Orc:2    | Found Sutebloa's Jewellery Boutique.
 33186 | Orc:2    | Found Uwysoery's Gadget Boutique.
 33197 | Orc:2    | Bought a scroll of torment for 135 gold pieces
 33197 | Orc:2    | Bought a scroll of identify for 36 gold pieces
 33208 | Orc:2    | Bought a phantom mirror for 480 gold pieces
 33211 | Orc:2    | Bought a blackened diamond ring for 115 gold pieces
 33595 | Orc:2    | Bought a +6 amulet of reflection for 643 gold pieces
 33869 | D:15     | Entered Level 15 of the Dungeon
 35215 | D:15     | Reached XP level 17. HP: 135/135 MP: 23/23
 35743 | D:15     | Found a staircase to the Depths.
 35760 | D:15     | Found a radiant altar of Vehumet.
 36632 | D:15     | Noticed Josephine
 36646 | D:15     | Killed Josephine
 37151 | Lair:6   | Got a pitted cloak
 37162 | Lair:6   | Identified the +0 cloak of Osunirr {Str+6} (You found it on
                  | level 6 of the Lair of Beasts)
 37261 | Snake:1  | Entered Level 1 of the Snake Pit
 38140 | Snake:1  | Noticed Asterion
 38145 | Snake:1  | Noticed an Executioner
 38172 | Snake:1  | HP: 5/137 [Executioner[Asterion] (15)]
 38185 | Snake:1  | HP: 1/137 [Executioner[Asterion] (7)]
 38186 | Snake:1  | Mangled by an Executioner

Levels and vault maps discovered:
D:1:      eino_arrival_water_star, layout_basic
D:2:      layout_basic, lemuel_crystal_altar, first_ration,
          nicolae_dithmenos_shadow_blocks
D:3:      layout_loops_cross, lemuel_crystal_altar, uniq_sigmund, uniq_terence
D:4:      layout_loops_ring
D:5:      layout_gridville, nicolae_ashenzari_panopticon, basic_altar,
          grunt_decor_arrowhead
D:6:      layout_loops_ring, nicolae_gozag_seed_capital,
          minmay_misc_feat_columns
D:7:      layout_rooms, kennysheep_mini, lemuel_round_altar,
          minmay_temple_entry_junction, serial_shops, shop, grunt_livestock
D:8:      layout_loops_ring, kennysheep_little_box,
          nemelex_xobeh_ov_fountains_minmay
D:9:      layout_long_grid, nicolae_ru_sacrificial_ziggurat, lemuel_doored_altar
D:10:     due_megacathedral, layout_basic, hiddenorc2_lemuel, serial_glass,
          glass_columns_a, glass_columns_a, glass_columns_a, glass_columns_a,
          uniq_grum
D:11:     layout_rooms, erik_lair_orcish_takeover, tgw_fedhas
D:12:     layout_roguey, uniq_rupert, uniq_kirke
D:13:     layout_loops_cross, lightli_vaults_fourway_checkpoint,
          portal_ice_cave_demonic_guard, basic_altar
D:14:     layout_layer_cave, chequers_serial_rivers_micro_a, serial_shops,
          kennysheep_mini_moat, uniq_louise
D:15:     gammafunk_depths_entry_grave, layout_cave_pools,
          chequers_serial_rivers_small_b, basic_altar, uniq_josephine
Temple:   minmay_temple_curvy_loop
Lair:1:   layout_hall_layers
Lair:2:   layout_regular_city, grunt_megastairs_1, uniq_nergalle
Lair:3:   layout_cave_pods, minmay_snake_entry_guardpost_medium
Lair:4:   layout_regular_city, minmay_shoals_entry_centaurs,
          ebering_ghost_funeral_grove, serial_bayou_shore_b
Lair:5:   layout_hall_layers, nicolae_slime_entry_slimehenge, lemuel_fruit_tree
Lair:6:   wormcave, layout_gridlike, gammafunk_ghost_necromancy, st_stairs_11,
          ice2_lemuel, infiniplex_staircase_pool_2
Snake:1:  layout_cave_pods, serial_shops, shop, nrook_guardian_serpent_double,
          uniq_asterion
Orc:1:    layout_caves, basic_altar
Orc:2:    st_orc_elflike, layout_diamond_mine, basic_altar

Skill      XL: |  1  2  3  4  5  6  7  8  9 10 11 12 13 14 15 16 17 |
---------------+----------------------------------------------------+-----
Dodging        | 2 3 4 5 7 |  7.2
Crossbows      | 3 4 5 6 7 8 |  8.6
Fighting       | 2 3 4 5 6 7 8 9 10 11 12 13 | 13.3
Shields        | 1 2 6 7 |  7.7
Maces & Flails | 1 2 3 5 6 7 |  7.8
Armour         | 1 4 7 8 10 11 13 | 13.6
Staves         | 2 5 7 9 10 12 | 12.8
Translocations | 1 4 6 8 |  8.1
Stealth        | 3 7 9 |  9.6
Invocations    | 2 4 5 9 |  9.8
Spellcasting   | |  1.1
Hexes          | |  3.6

Action                   |  1- 3 |  4- 6 |  7- 9 | 10-12 | 13-15 | 16-18 || total
-------------------------+-------+-------+-------+-------+-------+-------++-------
Melee: Whip              |       |    55 |       |       |       |       ||    55
       Flail             |       |    72 |   264 |   227 |       |       ||   563
       Lajatang          |       |       |       |   332 |   909 |   791 ||  2032
 Fire: Hand crossbow     |    79 |    74 |   102 |       |       |       ||   255
       Arbalest          |       |       |       |   315 |   315 |   119 ||   749
Throw: Dart              |       |       |       |     4 |       |       ||     4
       Javelin           |       |       |       |     2 |       |       ||     2
 Cast: Corona            |       |     2 |       |       |       |     2 ||     4
       Portal Projectile |       |       |       |       |       |     2 ||     2
Invok: Shadow Form       |       |       |       |       |     1 |     1 ||     2
 Abil: Shaft Self        |       |       |       |     2 |       |       ||     2
       Dig               |       |       |       |     2 |     6 |     2 ||    10
Evoke: Wand              |       |       |     1 |       |       |       ||     1
  Use: Potion            |       |     4 |     2 |     2 |     5 |     5 ||    18
       Scroll            |       |     7 |       |    12 |     6 |     7 ||    32
 Stab: Sleeping          |       |       |       |       |     3 |     6 ||     9
       Distracted        |       |       |       |       |     1 |     2 ||     3
       Invisible         |       |       |       |       |       |     3 ||     3
  Eat: Chunk             |     1 |     7 |    14 |    21 |    25 |    19 ||    87
       Ration            |       |       |       |     4 |     5 |     4 ||    13
Armor: Chain mail        |    37 |       |       |       |       |       ||    37
       Leather armour    |     1 |       |       |       |       |       ||     1
       Skin              |       |    36 |       |       |       |       ||    36
       Scale mail        |       |    64 |   172 |   401 |    62 |       ||   699
       Plate armour      |       |       |       |    53 |   139 |       ||   192
       Ice dragon scales |       |       |       |       |   352 |   452 ||   804
Dodge: Dodged            |    18 |    57 |   196 |   678 |   542 |   435 ||  1926
Block: Buckler           |       |    39 |    76 |   218 |   240 |    13 ||   586
       Kite shield       |       |       |       |       |       |   712 ||   712
       Reflection        |       |       |       |       |       |    21 ||    21

Table legend:
 A = Non-vault XP
 B = Vault XP
 C = Vault XP percentage of total XP
 D = Non-vault monster count
 E = Vault monster count
 F = Vault count percentage of total count
                 A         B        C        D         E       F
            +---------+---------+-------+---------+---------+-------
      Total |  112891 |   58160 |  34.0 |     684 |     211 |  23.6
            +---------+---------+-------+---------+---------+-------
        D:1 |      52 |       0 |   0.0 |      23 |       0 |   0.0
        D:2 |      49 |       0 |   0.0 |      15 |       0 |   0.0
        D:3 |     127 |      36 |  22.1 |      27 |       1 |   3.6
        D:4 |     204 |       0 |   0.0 |       9 |       0 |   0.0
        D:5 |     618 |       0 |   0.0 |      19 |       0 |   0.0
        D:6 |    2557 |     581 |  18.5 |      46 |       3 |   6.1
        D:7 |     510 |     192 |  27.4 |       8 |       1 |  11.1
        D:8 |    1672 |       0 |   0.0 |      31 |       0 |   0.0
        D:9 |    1445 |      43 |   2.9 |      24 |       1 |   4.0
       D:10 |    6348 |    2730 |  30.1 |      96 |      42 |  30.4
       D:11 |    6933 |     622 |   8.2 |      41 |       9 |  18.0
       D:12 |    6252 |    5764 |  48.0 |      48 |       4 |   7.7
       D:13 |    7593 |    6218 |  45.0 |      30 |      12 |  28.6
       D:14 |   18123 |    2085 |  10.3 |      49 |       2 |   3.9
       D:15 |    9084 |    6501 |  41.7 |      30 |      13 |  30.2
     Lair:1 |    4325 |       0 |   0.0 |      14 |       0 |   0.0
     Lair:2 |    3994 |     776 |  16.3 |      11 |       1 |   8.3
     Lair:3 |    7349 |     933 |  11.3 |      31 |       6 |  16.2
     Lair:4 |    2861 |     218 |   7.1 |       8 |       2 |  20.0
     Lair:5 |   12080 |     109 |   0.9 |      26 |       5 |  16.1
     Lair:6 |   11582 |   10525 |  47.6 |      33 |      32 |  49.2
    Snake:1 |    4894 |     912 |  15.7 |      10 |       2 |  16.7
      Orc:1 |     921 |       0 |   0.0 |      10 |       0 |   0.0
      Orc:2 |    3318 |    7769 |  70.1 |      45 |      25 |  35.7
      IceCv |       0 |   12146 | 100.0 |       0 |      50 | 100.0
            +---------+---------+-------+---------+---------+-------
